 Dungeon Crawl Stone Soup version 0.27-a0-1217-g8a41f320e8 (webtiles) character file.

Game seed: 17934061755830119308

3 elagabalus the Chopper (level 1, 0/19 HPs)
             Began as a Hill Orc Berserker on June 6, 2021.
             Was a Follower of Trog.
             Slain by a gnoll
             ... wielding a +0 flail
              (4 damage)
             ... on level 1 of the Dungeon.
             The game lasted 00:01:20 (168 turns).

elagabalus the Chopper (Hill Orc Berserker)          Turns: 168, Time: 00:01:21

Health: 0/19       AC:  2    Str: 19    XL:     1   Next: 50%
Magic:  1/1        EV: 11    Int:  7    God:    Trog [*.....]
Gold:   0          SH:  0    Dex: 10    Spells: 0/0 levels left

rFire    . . .     SeeInvis .   a - +0 hand axe
rCold    . . .     Faith    .   (no shield)
rNeg     . . .     Spirit   .   b - +0 animal skin
rPois    .         Reflect  .   (no helmet)
rElec    .         Harm     .   (no cloak)
rCorr    .         Rampage  .   (no gloves)
Will     .....                  (no boots)
Stlth    +.........             (no amulet)
HPRegen  0.06/turn              (no ring)
MPRegen  0.07/turn              (no ring)

@: on berserk cooldown, slowed, very slow
A: no striking features
a: Renounce Religion, Berserk


You were on level 1 of the Dungeon.
You worshipped Trog.
Trog was aware of your devotion.
You visited 1 branch of the dungeon, and saw 1 of its levels.

Inventory:

Hand Weapons
 a - a +0 hand axe (weapon)
Armour
 b - a +0 animal skin (worn)
Scrolls
 c - a scroll of teleportation {unknown}


   Skills:
 - Level 3.6 Fighting
 * Level 4.3 Axes
 - Level 2.1 Armour
 - Level 1.5 Dodging


You couldn't memorise any spells.
You didn't know any spells.
Your spell library was empty.

Dungeon Overview and Level Annotations

Branches:
Dungeon (1/15)

Altars:


Message History

Found a scroll labelled IGAPODGHIFUF.
c - a scroll labelled IGAPODGHIFUF
Found a stone staircase leading down.
A dart slug comes into view.
Non-targeted abil: Berserk
Press: ? - help, Q - select action Dir - look around, f - activate
Okay, then.
You don't know any spells.
You aren't carrying any potions.
You don't know any spells.
You don't know any spells.
A red film seems to cover your vision as you go berserk!
You feel yourself moving faster!
You feel mighty!
You feel a strong urge to attack something.
A rat comes into view.
Found 17 gold pieces and 25 stones.
You feel your anger nearly subside.
A gnoll and a dart slug come into view.
The gnoll shouts!
You slash the dart slug!
You kill the dart slug!
Trog accepts your kill.
A giant cockroach comes into view.
You barely miss the rat.
You are no longer berserk.
You are exhausted.
You feel yourself slow down. The rat barely misses you.
You slash the rat!
You kill the rat!
Trog accepts your kill.
A bat comes into view.
The bat misses you. The bat barely misses you.
The gnoll hits you with a +0 flail!
Ouch! That really hurt!
The bat hits you but does no damage. The bat barely misses you.
You hit the gnoll but do no damage. The bat closely misses you.
The gnoll hits you with a +0 flail.
* * * LOW HITPOINT WARNING * * *
The gnoll hits you with a +0 flail.
You die...

.......##.##....#.>......
.......##.##.........#
......###.##....#.#..#
.....## ####....#.#..#
..##### #....#.#$.#
###...### ##....#.#..## ##
#.......###......##...#..#.#
.........##......##......(#
.........##.....@gw......#
.........###.####B.......$#
#.......## #.# #b.......#.#
###...### #.# #.......##
.###### #.# #......... .#
... .......#### ## ##......#
# #......#


You could see a gnoll, a dart slug, a giant cockroach and a bat.

Vanquished Creatures
  A dart slug (D:1)
  A rat (D:1)
2 creatures vanquished.

Notes
Turn   | Place    | Note
-------+----------+-------------------------------------------
     0 | D:1      | elagabalus the Hill Orc Berserker began the quest for the
                  | Orb.
     0 | D:1      | Reached XP level 1. HP: 19/19 MP: 1/1
   168 | D:1      | Slain by a gnoll

Illustrated notes

Levels and vault maps discovered:
D:1:      dpeg_arrival_three_bigger_balls, layout_basic, minmay_tall_x

Action                   || total
-------------------------++-------
Melee: Hand axe          ||     4
Invok: Berserk           ||     1
Armor: Animal skin       ||     1
Dodge: Dodged            ||     5

Table legend: (Time is in decaauts)
 A = Elapsed time spent in this place.
 B = Non-inter-level travel time spent in this place.
 C = Inter-level travel time spent in this place.
 D = Time resting spent in this place.
 E = Time spent auto-exploring this place.
 F = Levels seen in this place.
 G = Mean time per level.
                   A        B        C        D        E       F      G
               +--------+--------+--------+--------+--------+-----+--------+
         Total |    168 |     15 |    153 |      0 |      0 |   1 |  168.0 |
       Dungeon |    168 |     15 |    153 |      0 |      0 |   1 |  168.0 |
               +--------+--------+--------+--------+--------+-----+--------+

Top non-repeatable levels by time:
     D:1: 168 daAuts
